 Dungeon Crawl Stone Soup version 0.26-b1-32-g5d43845318 (webtiles) character file.

Game seed: 4809825173560311019

11566 sanka the Nimble (level 11, -2/87 HPs)
             Began as a Barachi Air Elementalist on Jan 9, 2021.
             Was a Priest of Vehumet.
             Slain by a seven-headed hydra (11 damage)
             ... on level 11 of the Dungeon.
             The game lasted 00:28:46 (13745 turns).

sanka the Nimble (Barachi Air Elementalist)        Turns: 13745, Time: 00:28:47

Health: -2/87      AC: 13    Str: 12    XL:     11   Next: 79%
Magic:  4/20       EV: 17    Int: 19    God:    Vehumet [***...]
Gold:   522        SH:  0    Dex: 12    Spells: 6/20 levels left

rFire    . . .     SeeInvis +   a - +1 long sword (elec)
rCold    . . .     Faith    .   (no shield)
rNeg     . . .     Spirit   .   w - +1 acid dragon scales
rPois    .         Reflect  .   c - +2 helmet
rElec    .         Harm     .   (no cloak)
rCorr    +         Rampage  .   h - +0 pair of gloves
Will     .....                  (no boots)
Stlth    ++........             d - amulet of the acrobat
HPRegen  0.24/turn              G - ring of see invisible
MPRegen  0.17/turn              g - ring of stealth

@: about to teleport, can't hop, frozen ramparts, studying Stealth, slow
A: +LOS, swims, high mp 1, slowness 1, strong 1, wild magic 1, strong legs 1
a: Hop, Renounce Religion


You were on level 11 of the Dungeon.
You worshipped Vehumet.
Vehumet was most pleased with you.
You visited 1 branch of the dungeon, and saw 10 of its levels.

You collected 522 gold pieces.


Innate Abilities, Weirdness & Mutations

You can be seen from farther away. (+LOS)
You can swim through water.
You cover ground slowly.
You can hop short distances.
You have an increased reservoir of magic. (+10% MP)
Your muscles are strong. (Str +2)
Your spells are a little harder to cast, but a little more powerful.


   Skills:
 - Level 8.9 Fighting
 - Level 7.1 Long Blades
 - Level 7.2 Armour
 - Level 11.5 Dodging
 - Level 1.7 Stealth
 - Level 5.0 Spellcasting
 - Level 5.0 Conjurations
 + Level 5.7 Ice Magic
 + Level 7.4 Air Magic


You had 6 spell levels left.
You knew the following spells:

 Your Spells              Type           Power        Failure   Level
s - Swiftness             Air            42%          2%          2
u - Frozen Ramparts       Ice            68%          2%          3
x - Airstrike             Air            21%          3%          4
y - Freeze                Ice            100%         1%          1
z - Shock                 Conj/Air       100%         1%          1
Z - Static Discharge      Conj/Air       36%          1%          3

Your spell library contained the following spells:

 Spells                   Type           Power        Failure   Level
 Magic Dart               Conj           100%         1%          1
 Searing Ray              Conj           60%          1%          2
 Dazzling Flash           Conj/Hex       36%          7%          3
 Lightning Bolt           Conj/Air       18%          13%         5
 Fulminant Prism          Conj/Hex       9%           21%         4
 Iskenderun's Mystic Bla  Conj/Tloc      18%          21%         4
 Animate Skeleton         Necr           12%          24%         1
 Pain                     Necr           24%          24%         1
 Summon Small Mammal      Summ           24%          24%         1
 Confusing Touch          Hex            6%           54%         3
 Gell's Gravitas          Tloc           3%           54%         3
 Portal Projectile        Hex/Tloc       12%          54%         3
 Vampiric Draining        Necr           3%           54%         3
 Yara's Violent Unravell  Hex/Tmut       3%           77%         5
 Metabolic Englaciation   Hex/Ice        10%          88%         5
 Animate Dead             Necr           3%           90%         4
 Petrify                  Tmut/Erth      6%           90%         4
 Agony                    Necr           6%           99%         5
 Dispersal                Tloc           3%           100%        6
 Disjunction              Tloc           3%           100%        8

Inventory:

Hand Weapons
 a - a +1 long sword of electrocution (weapon)
Armour
 c - a +2 helmet (worn)
 h - a +0 pair of gloves (worn)
 v - a +0 robe
 w - +1 acid dragon scales (worn)
Jewellery
 d - an amulet of the acrobat (around neck)
 g - a ring of stealth (right hand)
 G - a ring of see invisible (left hand)
Wands
 r - a wand of flame (18)
 E - a wand of polymorph (3)
Scrolls
 b - 6 scrolls of remove curse
 e - a scroll of amnesia
 f - a scroll of fear
 i - 2 scrolls of teleportation {@r4}
 k - 4 scrolls of enchant armour
 m - 5 scrolls of enchant weapon
 n - a scroll of silence {unknown}
 p - a scroll of identify {@r1}
 u - a scroll of immolation {!r}
 y - a scroll of blinking {unknown}
Potions
 j - a potion of degeneration {unknown}
 l - 4 potions of heal wounds {unknown}
 o - 2 potions of resistance {unknown}
 s - a potion of flight {unknown}
 t - 2 potions of lignification {unknown}
 z - a potion of magic {unknown}
 A - a potion of attraction {!q}
 B - 2 potions of might
 C - a potion of berserk rage {unknown}
 D - 2 potions of curing {unknown}
 F - a potion of cancellation {unknown}
Books
 q - a manual of Stealth
Miscellaneous
 x - a tin of tremorstones (2/2)

Dungeon Overview and Level Annotations

Branches:
Dungeon (11/15)            Temple (0/1) D:7            Lair (0/6) D:8
    Orc (0/2) D:9

Altars:
Fedhas
Kikubaaqudgha
Sif Muna
Vehumet
Xom

Annotations:
D:7 2 transporters, qborf's ghost, novice BaAE

▒..▒. ....
...▒ ..▒ ▒.▒
▒▒▒ ▒.▒▒▒▒▒.▒
▒.....'.▒
+.D.▒.▒▒▒...
▒.F.▒.▒.▒....▒
▒.....▒.▒....▒
▒.▒▒▒▒▒.▒....▒
▒.▒.....▒.▒▒.▒
▒.▒.....▒.▒▒.▒
▒.▒.....▒.▒▒.▒
▒.▒..▒▒.▒.▒▒.▒
▒.▒..▒▒.'.▒▒.▒
▒.▒..▒▒.▒.▒▒.▒


You could see a seven-headed hydra (slow).


Message History

Your frozen ramparts will break if you move.
Continue? [Y]es or [N]o only, please.
Your frozen ramparts will break if you move.
Continue?
Okay, then.
Evoke which item? (* to show all) (? for menu, Esc to quit)
Okay, then.
Aiming: Airstrike (dangerous; 3% risk of failure)
Aim: a seven-headed hydra (moderately wounded, slow)
The air twists around and strikes the seven-headed hydra!
The seven-headed hydra is heavily wounded.
Unknown command.
Aiming: Airstrike (dangerous; 3% risk of failure)
Aim: a seven-headed hydra (heavily wounded, slow)
The air twists around and strikes the seven-headed hydra!
The seven-headed hydra is severely wounded.
The wall freezes the seven-headed hydra.
The seven-headed hydra seems to slow down.
Unknown command.
Aiming: Airstrike (dangerous; 3% risk of failure)
Aim: a seven-headed hydra (severely wounded, slow)
The air twists around and strikes the seven-headed hydra!
The seven-headed hydra is almost dead.
The seven-headed hydra closely misses you.
The seven-headed hydra bites you but does no damage.
The seven-headed hydra bites you.
* * * LOW HITPOINT WARNING * * *
The seven-headed hydra bites you but does no damage.
The seven-headed hydra misses you. The seven-headed hydra bites you!
You die...

Action                   |  1- 3 |  4- 6 |  7- 9 | 10-12 || total
-------------------------+-------+-------+-------+-------++-------
Melee: Unarmed           |    23 |       |       |       ||    23
       Dagger            |    29 |    80 |       |       ||   109
       Trident           |       |    31 |     8 |       ||    39
       Long sword        |       |       |    48 |   178 ||   226
 Cast: Shock             |    58 |   111 |   203 |   127 ||   499
       Static Discharge  |       |     3 |     1 |     8 ||    12
       Airstrike         |       |       |       |    29 ||    29
       Frozen Ramparts   |       |       |       |     7 ||     7
       Freeze            |       |       |       |     2 ||     2
 Abil: Hop               |       |       |     1 |     4 ||     5
Evoke: Wand              |       |       |     9 |     5 ||    14
  Use: Potion            |       |     2 |       |       ||     2
       Scroll            |       |     1 |       |    10 ||    11
 Stab: Sleeping          |     1 |     2 |     1 |     1 ||     5
Armor: Robe              |    23 |    33 |    12 |       ||    68
       Acid dragon scale |       |       |    32 |    76 ||   108
Dodge: Dodged            |    56 |   111 |   123 |   223 ||   513
       Rpst.: Long sword |       |       |    29 |    43 ||    72

Levels and vault maps discovered:
D:1:      wheals_arrival_linesprint, layout_basic
D:2:      layout_loops_ring, minmay_fountain_box, uniq_robin
D:3:      layout_loops_cross
D:4:      layout_layer_cave, grunt_temple_overflow_magic_moments,
          fedhas_ov_isle_minmay, minmay_manual_mess, uniq_ijyb, uniq_duvessa
D:6:      layout_basic, uniq_blork_the_orc
D:7:      layout_rooms, temple_fountains, gammafunk_ghost_arena, uniq_maggie
D:8:      layout_basic, due_lair_maze_entry_diamond, basic_altar,
          hex_intersection
D:9:      layout_cave_pods, minmay_orc_entry_guard_dogs, minmay_lindwurm_lava
D:10:     layout_grid_maze
D:11:     layout_stronghold, basic_altar, chequers_hall_statues_wall_a,
          minmay_guarded_unrand_variability

Notes
Turn   | Place    | Note
-------+----------+-------------------------------------------
     0 | D:1      | sanka the Barachi Air Elementalist began the quest for the
                  | Orb.
     0 | D:1      | Reached XP level 1. HP: 13/13 MP: 3/3
   164 | D:1      | Reached skill level 2 in Conjurations
   226 | D:1      | Reached XP level 2. HP: 19/19 MP: 3/5
   785 | D:1      | Reached skill level 3 in Conjurations
   811 | D:1      | Reached XP level 3. HP: 22/24 MP: 0/6
   903 | D:1      | Learned a level 2 spell: Swiftness
   907 | D:1      | Learned a level 3 spell: Static Discharge
  1538 | D:2      | Noticed Robin
  1749 | D:2      | Reached XP level 4. HP: 30/30 MP: 2/7
  1799 | D:2      | Gained mutation: Your spells are a little harder to cast,
                  | but a little more powerful. [potion of mutation]
  1799 | D:2      | Gained mutation: You have an increased reservoir of magic.
                  | (+10% MP) [potion of mutation]
  1799 | D:2      | Gained mutation: Your muscles are strong. (Str +2) [potion
                  | of mutation]
  1801 | D:2      | Killed Robin
  1802 | D:2      | Reached skill level 4 in Air Magic
  2206 | D:2      | Reached skill level 4 in Conjurations
  2629 | D:3      | Reached XP level 5. HP: 18/35 MP: 1/9
  3914 | D:4      | Reached skill level 5 in Conjurations
  3914 | D:4      | Reached skill level 5 in Air Magic
  3914 | D:4      | Reached XP level 6. HP: 41/41 MP: 3/11
  4006 | D:4      | Reached skill level 3 in Spellcasting
  4162 | D:4      | Reached skill level 1 in Fighting
  4162 | D:4      | Reached skill level 3 in Dodging
  4186 | D:4      | Reached skill level 2 in Fighting
  4403 | D:4      | Noticed Ijyb
  4423 | D:4      | Killed Ijyb
  4424 | D:4      | Reached XP level 7. HP: 50/50 MP: 0/12
  4640 | D:4      | Found a blossoming altar of Fedhas.
  4685 | D:4      | Reached skill level 4 in Dodging
  4876 | D:4      | Found an ancient bone altar of Kikubaaqudgha.
  4880 | D:4      | Found a shimmering blue altar of Sif Muna.
  4881 | D:4      | Found a radiant altar of Vehumet.
  4891 | D:4      | Identified Sif Muna's Disquisition on the Entourage
  4902 | D:4      | Became a worshipper of Vehumet
  4929 | D:7      | Reached skill level 3 in Fighting
  4946 | D:7      | Found a transporter.
  4946 | D:7      | Noticed qborf's ghost (novice BaAE)
  4947 | D:7      | Found a transporter.
  5064 | D:7      | Reached skill level 5 in Dodging
  5460 | D:7      | Found a staircase to the Ecumenical Temple.
  5551 | D:7      | Identified +1 acid dragon scales
  5551 | D:7      | Noticed Maggie
  5575 | D:7      | Killed Maggie
  5576 | D:7      | Reached skill level 4 in Fighting
  5576 | D:7      | Reached skill level 6 in Dodging
  5576 | D:7      | Reached XP level 8. HP: 12/61 MP: 2/13
  5897 | D:7      | Reached * piety under Vehumet
  5897 | D:7      | Offered knowledge of Sandblast by Vehumet.
  5905 | D:7      | Reached skill level 7 in Dodging
  6034 | D:7      | Reached skill level 5 in Fighting
  6034 | D:7      | Reached skill level 1 in Long Blades
  6034 | D:7      | Reached skill level 1 in Armour
  6509 | D:6      | Learned a level 4 spell: Airstrike
  6643 | D:6      | Reached skill level 2 in Armour
  6686 | D:6      | Noticed Blork the orc
  6696 | D:6      | Killed Blork the orc
  6697 | D:6      | Reached skill level 2 in Long Blades
  6864 | D:6      | Reached XP level 9. HP: 35/69 MP: 8/14
  6867 | D:6      | Reached skill level 3 in Armour
  6867 | D:6      | Reached skill level 8 in Dodging
  7167 | D:6      | Reached skill level 3 in Long Blades
  7436 | D:6      | Reached skill level 6 in Fighting
  8078 | D:8      | Found a shimmering altar of Xom.
  8090 | D:8      | Noticed a two-headed ogre
  8096 | D:8      | Killed a two-headed ogre
  8097 | D:8      | Reached skill level 4 in Long Blades
  8097 | D:8      | Reached skill level 4 in Armour
  8097 | D:8      | Reached skill level 9 in Dodging
  8277 | D:8      | Offered knowledge of Freeze by Vehumet.
  8280 | D:8      | Learned a level 1 spell: Freeze
  8356 | D:8      | Reached ** piety under Vehumet
  8445 | D:8      | Reached skill level 7 in Fighting
  8447 | D:8      | Reached skill level 5 in Armour
  8556 | D:8      | Reached skill level 5 in Long Blades
  8596 | D:8      | Reached XP level 10. HP: 79/79 MP: 8/15
  8735 | D:8      | Found a staircase to the Lair.
  8899 | D:8      | Reached skill level 10 in Dodging
  9010 | D:9      | Noticed a two-headed ogre
  9027 | D:8      | Killed a two-headed ogre
  9328 | D:9      | Reached skill level 6 in Armour
  9349 | D:8      | Reached skill level 6 in Long Blades
  9350 | D:8      | Reached skill level 8 in Fighting
  9665 | D:9      | Reached skill level 11 in Dodging
  9667 | D:9      | Offered knowledge of Ignite Poison by Vehumet.
  9792 | D:9      | Found a staircase to the Orcish Mines.
  9983 | D:9      | Reached *** piety under Vehumet
 10103 | D:9      | Noticed a lindwurm
 10103 | D:9      | Noticed a lindwurm
 10104 | D:9      | Noticed a lindwurm
 10113 | D:9      | Killed a lindwurm
 10114 | D:9      | Reached skill level 7 in Long Blades
 10114 | D:9      | Reached skill level 7 in Armour
 10114 | D:9      | Reached XP level 11. HP: 41/87 MP: 7/17
 10412 | D:9      | Noticed a lindwurm
 10424 | D:9      | Killed a lindwurm
 10532 | D:9      | Killed a lindwurm
 10533 | D:9      | Reached skill level 6 in Air Magic
 10797 | D:9      | Killed a lindwurm
 10797 | D:9      | Offered knowledge of Frozen Ramparts by Vehumet.
 10798 | D:9      | Reached skill level 7 in Air Magic
 10802 | D:9      | Learned a level 3 spell: Frozen Ramparts
 11122 | D:9      | Reached skill level 1 in Ice Magic
 11875 | D:10     | Entered Level 10 of the Dungeon
 11913 | D:10     | Reached skill level 2 in Ice Magic
 12163 | D:10     | Reached skill level 3 in Ice Magic
 12164 | D:10     | Reached skill level 4 in Spellcasting
 12768 | D:10     | Reached skill level 4 in Ice Magic
 13542 | D:11     | Reached skill level 5 in Spellcasting
 13542 | D:11     | Reached skill level 5 in Ice Magic
 13592 | D:11     | Noticed a boulder beetle
 13601 | D:11     | Killed a boulder beetle
 13736 | D:11     | Noticed a seven-headed hydra
 13745 | D:11     | Slain by a seven-headed hydra

Vanquished Creatures
  A boulder beetle (D:11)
  2 two-headed ogres (D:8)
  4 lindwurms (D:9)
  2 centaur zombies
  Maggie (D:7)
  A gargoyle (D:10)
  A troll (D:9)
  A wraith (D:10)
  9 yaks
  4 wargs (D:9)
  5 water moccasins (D:8)
  A sky beast (D:6)
  A hornet zombie (D:9)
  2 black bears
  3 orc warriors
  An ice beast (D:9)
  3 phantoms
  An eye of draining (D:9)
  An ogre (D:4)
  3 centaurs
  2 big kobolds (D:7)
  Blork the orc (D:6)
  5 bullfrogs
  A water moccasin zombie (D:4)
  A scorpion (D:9)
  9 killer bees (D:9)
  5 wights (D:9)
  4 howler monkeys
  2 bullfrog zombies
  5 hounds
  8 orc wizards
  4 orc priests
  A jelly (D:6)
  2 bullfrog skeletons
  Ijyb (D:4)
  2 iguanas
  8 worker ants
  A hound zombie (D:9)
  A hound skeleton (D:4)
  3 worker ant zombies
  Robin (D:2)
  3 gnolls (D:3)
  12 adders
  A shadow imp (D:7)
  3 white imps
  2 ufetubi
  An ooze (D:2)
  An adder skeleton (D:4)
  A worm (D:2)
  6 leopard geckos
  37 orcs
  3 giant cockroaches
  20 goblins
  6 hobgoblins
  14 jackals
  11 kobolds
  2 quokkas
  A ball python (D:8)
  A ball python skeleton (D:4)
  6 bats
  3 frilled lizards
  A jackal zombie (D:6)
  A quokka zombie (D:8)
  10 rats
260 creatures vanquished.

Vanquished Creatures (others)
  37 fungi (D:8)
  33 plants (D:8)
70 creatures vanquished.

Grand Total: 330 creatures vanquished

Table legend: (Time is in decaauts)
 A = Elapsed time spent in this place.
 B = Non-inter-level travel time spent in this place.
 C = Inter-level travel time spent in this place.
 D = Time resting spent in this place.
 E = Time spent auto-exploring this place.
 F = Levels seen in this place.
 G = Mean time per level.
                   A        B        C        D        E       F      G
               +--------+--------+--------+--------+--------+-----+--------+
         Total |  14987 |  14485 |    502 |   5205 |   7140 |  10 | 1498.7 |
       Dungeon |  14987 |  14485 |    502 |   5205 |   7140 |  10 | 1498.7 |
               +--------+--------+--------+--------+--------+-----+--------+

Top non-repeatable levels by time:
     D:9: 2550 daAuts
    D:10: 1852 daAuts
     D:8: 1831 daAuts
     D:1: 1725 daAuts
     D:6: 1576 daAuts
     D:7: 1548 daAuts
     D:3: 1350 daAuts
     D:4: 1171 daAuts
     D:2: 1148 daAuts
    D:11: 233 daAuts
